 Seeded DCSS version 0.29-a0-911-g88e6f02907 (webtiles) character file.

Game seed: 193234275569609093 (custom seed)

53 mathmaestro the Grave Robber (level 3, 0/26 HPs)
             Began as a Demonspawn Necromancer on July 25, 2022.
             Slain by a quokka (2 damage)
             ... on level 2 of the Dungeon.
             The game lasted 00:04:48 (2888 turns).

mathmaestro the Grave Robber (DsNe)                 Turns: 2888, Time: 00:04:48

Health: 0/26       AC:  2    Str:  8    XL:     3   Next: 62%
Magic:  3/6        EV: 12    Int: 18    God:
Gold:   164        SH:  0    Dex: 15    Spells: 3/7 levels left

rFire   . . .      SeeInvis .   k - +0 dagger
rCold   . . .      Faith    .   (no shield)
rNeg    . . .      Spirit   .   a - +0 robe
rPois   .          Reflect  .   (no helmet)
rElec   .          Harm     .   (no cloak)
rCorr   .          Rampage  .   (no gloves)
Will    +....                   (no boots)
Stlth   +++.......              (no amulet)
HPRegen 0.08/turn               m - ring of willpower
MPRegen 0.10/turn               (no ring)

@: no status effects
A: thin skeletal structure 1
a: no special abilities


You were on level 2 of the Dungeon.
You visited 1 branch of the dungeon, and saw 3 of its levels.

You collected 164 gold pieces.

Inventory:

Hand Weapons
 k - a +0 dagger (weapon)
 q - a +0 hand axe
Armour
 a - a +0 robe (worn)
Jewellery
 m - a ring of willpower (left hand)
Scrolls
 c - 2 scrolls of teleportation {unknown}
 d - a scroll of identify {unknown}
 h - a scroll of magic mapping {unknown}
 i - a scroll of immolation {unknown}
 l - a scroll of butterflies {unknown}
 n - a scroll of vulnerability {unknown}
 p - a scroll of fear {unknown}
 s - a scroll of torment {unknown}
 t - a scroll of blinking {unknown}
Potions
 b - a potion of magic
 e - a potion of mutation {unknown}
 f - 3 potions of heal wounds {unknown}
 g - a potion of brilliance {unknown}
 j - a potion of flight {unknown}
 o - 3 potions of curing {unknown}
 r - a potion of degeneration {unknown}


   Skills:
 + Level 1.5 Fighting
 - Level 2.0 Dodging
 - Level 2.0 Stealth
 + Level 2.6 Spellcasting
 + Level 4.9 Necromancy


You had 3 spell levels left.
You knew the following spells:

 Your Spells              Type           Power      Damage    Failure   Level
a - Necrotise             Necr           76%        1d7       2%          1
b - Vampiric Draining     Necr           19%        2d7       7%          3

Your spell library contained the following spells:

 Spells                   Type           Power      Damage    Failure   Level
 Animate Dead             Necr           19%        N/A       22%         4
 Agony                    Necr           19%        N/A       54%         5


Dungeon Overview and Level Annotations

Branches:
Dungeon (3/15)

Altars:


Innate Abilities, Weirdness & Mutations

You have a somewhat thin skeletal structure. (Dex +2, Stealth+)


Message History

Aim: a hound (lightly wounded, chance to affect: 84%)
You miscast Necrotise.
You are very lightly contaminated with residual magic.
Nothing appears to happen.
The hound bites you. x2
The quokka barely misses you. The hound bites you.
You climb upwards.
There is a stone staircase leading down here.
Casting: Necrotise (safe; 2% risk of failure)
Confirm with . or Enter, or press ? or * to list all spells.
Aiming: Necrotise (safe; 2% risk of failure)
Press: ? - help, Shift-Dir - straight line, f - hound
Aim: a hound (lightly wounded, chance to affect: 84%)
Okay, then.
The quokka misses you. The hound bites you. The hound attacks as you move away!
The hound bites you. The quokka bites you. The quokka completely misses you.
The hound misses you. The hound attacks as you move away! The hound bites you.
* * * LOW HITPOINT WARNING * * *
Your magical contamination has completely faded away.
The hound misses you. The quokka attacks as you move away!
The quokka misses you.
The quokka bites you but does no damage.
Casting: Necrotise (safe; 2% risk of failure)
Confirm with . or Enter, or press ? or * to list all spells.
Aiming: Necrotise (safe; 2% risk of failure)
Press: ? - help, Shift-Dir - straight line, f - quokka
Aim: a quokka (chance to affect: 89%)
The quokka writhes in agony.
The quokka bites you.
* * * LOW HITPOINT WARNING * * *
Casting: Necrotise (safe; 2% risk of failure)
Confirm with . or Enter, or press ? or * to list all spells.
Aiming: Necrotise (safe; 2% risk of failure)
Press: ? - help, Shift-Dir - straight line, f/p - quokka
Aim: a quokka (heavily wounded, chance to affect: 89%)
The quokka writhes in agony.
The quokka bites you.
* * * LOW HITPOINT WARNING * * *
The quokka attacks as you move away! The quokka completely misses you.
The quokka bites you.
You die...

###.# #..#
#.# #.#
#..### #.#
#.# #....#
#.# #.####
#.##.# #.#
#....#
#.##.# #.#
####.#
#.##.# #.#
# ##.##
#h##.###.#
#####.#.##
#r#...##.#
.....###.#
#.@......#
#####.#..#
###...####
# ##.#.#
##.##
#.#.# #.#
#.#.#
#.#####
#.#.#
#..†.<#
#####.#.#
#####.#
#.....#.#
#.#
#.#####.#
#.#


You could see a hound and a quokka.

Vanquished Creatures
  3 worms (D:2)
  7 endoplasms
  5 giant cockroaches
  4 hobgoblins
  4 kobolds
  A quokka (D:1)
  4 ball pythons
  2 bats
  2 frilled lizards
  3 goblins
  5 rats
40 creatures vanquished.

Notes
Turn   | Place    | Note
-------+----------+-------------------------------------------
     0 | D:1      | mathmaestro the Demonspawn Necromancer began the quest for
                  | the Orb.
     0 | D:1      | Reached XP level 1. HP: 13/13 MP: 3/3
   609 | D:1      | Gained mutation: You have a somewhat thin skeletal
                  | structure. (Dex +2, Stealth+) [demonic ancestry]
   609 | D:1      | Reached XP level 2. HP: 20/20 MP: 1/5
   627 | D:1      | Found a faded altar of an unknown god.
  1311 | D:2      | Reached skill level 1 in Fighting
  1477 | D:2      | Reached XP level 3. HP: 26/26 MP: 1/6
  1481 | D:2      | Learned a level 3 spell: Vampiric Draining
  2888 | D:2      | Slain by a quokka

Illustrated notes

Levels and vault maps discovered:
D:1:      erik_arrival_cave_to_civilisation [erik_arrival_cave_to_hall],
          layout_basic, nicolae_ecumenical_snake_handling
D:2:      layout_loops_ring, chequers_decorated_corner
D:3:      layout_rooms, lemuel_zombie_altar_yredelemnul,
          nicolae_overflow_hidden_temple

Skill      XL: |  1  2 |
---------------+-------+-----
Stealth        | 2 |  2.0
Dodging        | 2 |  2.0
Fighting       | 1 |  1.5
Spellcasting   | |  2.6
Necromancy     | |  4.9

Action                   || total
-------------------------++-------
Melee: Unarmed           ||     9
       Short sword       ||     7
       Club              ||     4
       Dagger            ||    25
 Cast: Necrotise         ||    82
 Stab: Sleeping          ||     3
Armor: Robe              ||    12
Dodge: Dodged            ||    45

Table legend: (Time is in decaauts)
 A = Elapsed time spent in this place.
 B = Non-inter-level travel time spent in this place.
 C = Inter-level travel time spent in this place.
 D = Time resting spent in this place.
 E = Time spent auto-exploring this place.
 F = Levels seen in this place.
 G = Mean time per level.
                   A        B        C        D        E       F      G
               +--------+--------+--------+--------+--------+-----+--------+
         Total |   2888 |   2863 |     25 |    976 |   1369 |   3 |  962.7 |
       Dungeon |   2888 |   2863 |     25 |    976 |   1369 |   3 |  962.7 |
               +--------+--------+--------+--------+--------+-----+--------+

Top non-repeatable levels by time:
     D:1: 1463 daAuts
     D:2: 1422 daAuts
     D:3: 3 daAuts
